 Dungeon Crawl Stone Soup version 0.21.1-1-g345015f (webtiles) character file.

7366 tidbits the Covert (level 11, -9/121 HPs)
             Began as a Gnoll Enchanter on June 12, 2018.
             Was a Priest of Cheibriados.
             Mangled by an orc warrior
             ... wielding a +0 dire flail
              (21 damage)
             ... on level 2 of the Orcish Mines.
             The game lasted 00:30:58 (2318 turns).

tidbits the Covert (Gnoll Enchanter)                Turns: 2318, Time: 00:30:58

Health: -9/121     AC: 33    Str: 18    XL:     11   Next: 14%
Magic:  22/22      EV:  2    Int: 32    God:    Cheibriados [***...]
Gold:   573        SH:  0    Dex: 27    Spells: 14/25 levels left

rFire    . . .     SeeInvis .   b - +3 broad axe (freeze)
rCold    . . .     Gourm    .   (no shield)
rNeg     + + +     Faith    .   (armour currently unavailable)
rPois    +         Spirit   .   (helmet currently unavailable)
rElec    .         Reflect  .   (cloak currently unavailable)
rCorr    .         Harm     .   (gloves currently unavailable)
MR       +....     NoTele   +   (boots currently unavailable)
Stlth    ++++++....             (no amulet)
HPRegen  0.30/turn              U - +5 ring of protection
MPRegen  0.18/turn              J - +3 ring of protection

@: brilliant, agile, tree-form, very slow
A: distributed training, magic resistance 1, strong 1, strong nose
a: Bend Time, Temporal Distortion, Renounce Religion


You were on level 2 of the Orcish Mines.
You worshipped Cheibriados.
Cheibriados was most pleased with you.
You were not hungry.
You were a tree.
You visited 2 branches of the dungeon, and saw 13 of its levels.
You also visited: Ossuary.

You collected 675 gold pieces.
You spent 102 gold pieces at shops.

Inventory:

Hand Weapons
 a - a +1 dagger
 b - a +3 broad axe of freezing (weapon)
   (You took it off an orc warrior on level 10 of the Dungeon)
 k - a +0 rapier
 o - a +0 blowgun
 u - a +1 dagger of distortion
   (You took it off Sonja on level 10 of the Dungeon)
 C - a +0 long sword
 F - a +3 morningstar
 G - a +0 shortbow
 N - a +1 dagger of electrocution
   (You took it off an orc wizard on level 2 of the Orcish Mines)
 P - a +1 short sword of venom
   (You found it on level 4 of the Dungeon)
Missiles
 j - 40 arrows
 m - 4 tomahawks (quivered)
 y - a throwing net {!f}
 K - 5 curare-tipped needles
Armour
 g - a +0 shield
 B - a +0 troll leather armour (melded)
 D - a +0 cloak (melded)
 E - a +0 helmet (melded)
 H - the +0 helmet of the Nexus {rElec Int-5 Dex+4 Stlth+}
   (You found it on level 6 of the Dungeon)

   It affects your intelligence (-5).
   It affects your dexterity (+4).
   It insulates you from electricity.
   It makes you more stealthy.
 O - a +0 robe
Magical Staves
 x - a cursed staff of death {unknown}
   (You found it on level 4 of the Dungeon)
Jewellery
 J - a +3 ring of protection (right branch)
   (You found it on level 6 of the Dungeon)
 U - a +5 ring of protection (left branch)
   (You found it on level 3 of the Dungeon)
Wands
 p - a wand of paralysis (1)
 M - a wand of acid (3)
Scrolls
 l - 3 scrolls of blinking
 r - 4 scrolls of remove curse
 s - a scroll of teleportation
 v - a scroll of amnesia
 A - 2 scrolls of fear
 L - a scroll of fog
Potions
 e - 2 potions of brilliance
 f - a potion of curing
 h - a potion of resistance
 n - a potion of flight
 q - a potion of heal wounds
 t - 2 potions of berserk rage
 z - 2 potions of lignification
 I - a potion of cancellation
Books
 d - a book of Maledictions

   Spells                             Type                      Level
   a - Corona                         Hexes                        1
   b - Ensorcelled Hibernation        Hexes/Ice                    2
   c - Confuse                        Hexes                        3
   d - Tukima's Dance                 Hexes                        3
   e - Dazzling Spray                 Conjuration/Hexes            3
 i - a book of Cantrips
   (You found it on level 3 of the Dungeon)

   Spells                             Type                      Level
   a - Confusing Touch                Hexes                        1
   b - Animate Skeleton               Necromancy                   1
   c - Summon Small Mammal            Summoning                    1
   d - Apportation                    Translocation                1
Comestibles
 c - 11 rations


   Skills:
 + Level 5.9 Fighting
 + Level 6.5 Short Blades
 + Level 5.9 Long Blades
 + Level 5.9 Axes
 + Level 5.9 Maces & Flails
 + Level 5.9 Polearms
 + Level 5.9 Staves
 + Level 5.9 Slings
 + Level 5.9 Bows
 + Level 5.9 Crossbows
 + Level 5.9 Throwing
 + Level 5.9 Armour
 + Level 7.5 Dodging
 + Level 8.5 Stealth
 + Level 5.9 Shields
 + Level 5.9 Unarmed Combat
 + Level 7.8 Spellcasting
 + Level 4.9 Conjurations
 + Level 7.4 Hexes
 + Level 4.9 Charms
 + Level 4.9 Summonings
 + Level 4.9 Necromancy
 + Level 4.9 Translocations
 + Level 4.9 Transmutations
 + Level 4.9 Fire Magic
 + Level 4.9 Ice Magic
 + Level 4.9 Air Magic
 + Level 4.9 Earth Magic
 + Level 4.9 Poison Magic
 + Level 6.5 Invocations
 + Level 5.9 Evocations


You had 14 spell levels left.
You knew the following spells:

 Your Spells              Type           Power        Failure   Level  Hunger
a - Corona                Hex            ######.      1%          1    None
c - Confuse               Hex            ######..     1%          3    None
d - Dazzling Spray        Conj/Hex       ######       1%          3    None
e - Ensorcelled Hibernat  Hex/Ice        ######       1%          2    None
n - Animate Skeleton      Necr           N/A          1%          1    None
A - Apportation           Tloc           ######       1%          1    None


Dungeon Overview and Level Annotations

Branches:
Dungeon (11/15)            Temple (0/1) D:7            Lair (0/6) D:10
    Orc (2/2) D:10            Elf (0/3) Orc:2

Altars:
Cheibriados
Fedhas
Hepliaklqana
Okawaru
Uskayaw

Shops:
D:6 }*(   D:10 ?

Annotations:
D:2 Robin
D:7 nicolaieve's ghost, novice MiBe
D:9 Monsterracer's ghost, novice DsAs


Innate Abilities, Weirdness & Mutations

Your experience applies equally to all skills.
((You have very sharp teeth.))
Your uncanny sense of smell can sniff out nearby items.
You are resistant to hostile enchantments. (MR+)
Your muscles are strong. (Str +2)


Message History

You feel much better.
The centaur wields a shortbow.
The centaur shoots an arrow.
The arrow misses you.
The orc shoots a bolt.
The bolt hits you.
The centaur shoots an arrow.
The arrow hits you.
You hear a shout!
Unknown command.
The centaur shoots an arrow.
The arrow closely misses you.
The centaur unwields an uncursed shortbow.
The centaur completely misses you.
The centaur shoots an arrow.
The arrow hits you!
* * * LOW HITPOINT WARNING * * *
The centaur shoots an arrow.
The arrow hits you.
* * * LOW HITPOINT WARNING * * *
You see here 2 arrows.
Unknown command.
You slash the centaur! You freeze the centaur!
You kill the centaur!
Cheibriados appreciates the change of pace.
Cheibriados raises the support of your attributes as your movement slows.
You slash the centaur! You freeze the centaur. You slash the centaur!
You freeze the centaur.
The centaur is severely wounded.
You slash the centaur! You freeze the centaur.
You kill the centaur!
Cheibriados appreciates the change of pace.
The centaur unwields an uncursed shortbow.
The centaur completely misses you. x2; The orc unwields an uncursed mace.
The orc wields an arbalest.
The orc shoots a bolt.
The bolt hits you!
* * * LOW HITPOINT WARNING * * *
An orc warrior comes into view. It is wielding a mace.
Evoke which item? (* to show all) (? for menu, Esc to quit)
Aiming: Corrosive Bolt
Press: ? - help, Shift-Dir - straight line The bolt of acid hits the orc warrior.
The orc warrior is splashed with acid.
The acid corrodes the orc warrior!
You kill the orc warrior!
Cheibriados thoroughly appreciates the change of pace.
The bolt of acid hits the orc warrior.
The orc warrior is splashed with acid.
The orc warrior is almost dead.
The centaur hits you but does no damage.
The centaur misses you.
An orc knight comes into view. It is wielding a great mace.
You barely miss the orc warrior.
The orc warrior is almost dead.
You slash the centaur! You freeze the centaur.
You kill the centaur!
Cheibriados thoroughly appreciates the change of pace.
The centaur shoots an arrow.
The arrow completely misses you.
The orc warrior unwields an uncursed arbalest.
The orc warrior wields an uncursed glaive.
The orc warrior barely misses you.
The orc shoots a bolt.
The bolt misses you.
The orc knight roars a battlecry!
The orcs go into a battle-frenzy!
An orc warrior comes into view. It is wielding a dire flail.
The orc warrior shouts!
You hit the orc warrior. You freeze the orc warrior.
You kill the orc warrior!
Cheibriados thoroughly appreciates the change of pace.
You hit the orc warrior. You freeze the orc warrior.
You hear a shout!
The centaur shoots an arrow.
The arrow misses you.
The orc shoots a bolt.
The bolt completely misses you.
The orc knight roars a battlecry!
The orc warrior closely misses you.
An orc warrior comes into view.
It is wielding a war axe of electrocution.
The orc warrior shouts!
It was a potion of brilliance.
You feel clever all of a sudden.
The centaur unwields an uncursed shortbow.
The centaur barely misses you.
The orc knight moves out of view.
The orc shoots a bolt.
The bolt completely misses you. The centaur completely misses you.
An orc knight comes into view. It is wielding a great mace.
It was a potion of flight.
You feel very buoyant.
You fly up into the air.
The orc warrior misses you. The centaur completely misses you.
It was a potion of lignification.
You turn into a tree.
Your +0 cloak melds into your body.
Your +0 helmet melds into your body.
Your +0 troll leather armour melds into your body.
Your roots penetrate the ground.
The centaur hits you but does no damage.
The orc warrior hits you but does no damage.
The centaur hits you but does no damage.
You slash the centaur! You freeze the centaur!
You kill the centaur!
Cheibriados thoroughly appreciates the change of pace.
You can now warp the flow of time around you.
You hit the orc warrior.
You freeze the orc warrior. 2 orc warriors come into view.
Okay, then.
Unknown command.
You barely miss the orc warrior.
The orc warrior is moderately wounded.
You closely miss the orc warrior. You barely miss the orc warrior.
The orc warrior moves out of view.
The orc warrior hits you with a mace.
* * * LOW HITPOINT WARNING * * *
The orc warrior hits you with a great mace!!
* * * LOW HITPOINT WARNING * * *
The orc warrior hits you with a dire flail!!
You die...

##......#......##..##..##...#
#.......#....##..........≈
#.#............#..........≈
...........#............≈≈≈
#...........(..#......≈
###...#........#.....≈≈
#....................
#............oo.ooo...
#.............♣#.....≈≈
##..........(.o#......≈
#.......(...(ooo.o....
#.............#.......
.........(...##......
........(.... #..##.
.............. ....
.............. ....
.............. ...


You could see 5 orc warriors and 3 orcs.

Vanquished Creatures
  An orc warlord (Orc:1)
  An ettin (Orc:1)
  Sonja (D:10)
  2 trolls (D:10)
  A hornet (D:10)
  2 hippogriffs
  A spriggan (D:9)
  Eustachio (D:4)
  2 wargs (D:10)
  8 orc warriors
  6 ogres
  A sky beast (D:9)
  6 centaurs
  Blork the orc (D:4)
  2 bullfrogs
  3 scorpions
  6 killer bees
  4 wights (D:6)
  A quasit (D:5)
  4 centaur zombies
  2 hounds
  2 jellies
  An orc priest (D:6)
  A human zombie (Ossuary)
  A bullfrog skeleton (D:5)
  7 orc wizards
  3 worker ants (D:10)
  A mummy (Ossuary)
  2 gnolls (D:5)
  6 adders
  A worm (D:3)
  An adder skeleton (D:5)
  A dart slug (D:1)
  2 leopard geckos (D:3)
  19 orcs
  4 bats
  4 goblins
  5 jackals
  3 kobolds (D:3)
  2 quokkas
  A frilled lizard (D:5)
  A jackal zombie (D:5)
  5 rats
129 creatures vanquished.

Notes
Turn   | Place    | Note
-------+----------+-------------------------------------------
     0 | D:1      | tidbits the Gnoll Enchanter began the quest for the Orb.
     0 | D:1      | Reached XP level 1. HP: 13/13 MP: 6/6
   104 | D:1      | Reached XP level 2. HP: 4/19 MP: 2/7
   108 | D:1      | Learned a level 2 spell: Ensorcelled Hibernation
   256 | D:3      | Reached XP level 3. HP: 17/25 MP: 6/9
   265 | D:3      | Learned a level 3 spell: Confuse
   269 | D:3      | Learned a level 3 spell: Dazzling Spray
   279 | D:3      | Learned a level 1 spell: Animate Skeleton
   281 | D:3      | Learned a level 1 spell: Apportation
   310 | D:3      | Reached skill level 5 in Spellcasting
   368 | D:3      | Reached skill level 6 in Stealth
   439 | D:2      | Noticed Robin
   511 | D:4      | Noticed an ogre
   518 | D:4      | Killed an ogre
   518 | D:4      | Reached skill level 1 in Fighting
   518 | D:4      | Reached skill level 1 in Long Blades
   518 | D:4      | Reached skill level 1 in Axes
   518 | D:4      | Reached skill level 1 in Maces & Flails
   518 | D:4      | Reached skill level 1 in Polearms
   518 | D:4      | Reached skill level 1 in Staves
   518 | D:4      | Reached skill level 1 in Slings
   518 | D:4      | Reached skill level 1 in Bows
   518 | D:4      | Reached skill level 1 in Crossbows
   518 | D:4      | Reached skill level 1 in Throwing
   518 | D:4      | Reached skill level 1 in Armour
   518 | D:4      | Reached skill level 1 in Shields
   518 | D:4      | Reached skill level 1 in Unarmed Combat
   518 | D:4      | Reached skill level 1 in Conjurations
   518 | D:4      | Reached skill level 1 in Charms
   518 | D:4      | Reached skill level 1 in Summonings
   518 | D:4      | Reached skill level 1 in Necromancy
   518 | D:4      | Reached skill level 1 in Translocations
   518 | D:4      | Reached skill level 1 in Transmutations
   518 | D:4      | Reached skill level 1 in Fire Magic
   518 | D:4      | Reached skill level 1 in Ice Magic
   518 | D:4      | Reached skill level 1 in Air Magic
   518 | D:4      | Reached skill level 1 in Earth Magic
   518 | D:4      | Reached skill level 1 in Poison Magic
   518 | D:4      | Reached skill level 1 in Invocations
   518 | D:4      | Reached skill level 1 in Evocations
   518 | D:4      | Reached XP level 4. HP: 20/32 MP: 2/11
   518 | D:4      | Reached XP level 5. HP: 23/37 MP: 2/12
   570 | D:4      | Found a sand-covered staircase.
   575 | Ossuary  | Entered an ossuary
   592 | Ossuary  | Reached skill level 3 in Short Blades
   636 | Ossuary  | Reached skill level 2 in Invocations
   636 | Ossuary  | Reached XP level 6. HP: 26/44 MP: 1/13
   796 | D:4      | Found a blossoming altar of Fedhas.
   797 | D:4      | Noticed Blork the orc
   808 | D:4      | Killed Blork the orc
   808 | D:4      | Reached skill level 2 in Fighting
   808 | D:4      | Reached skill level 2 in Long Blades
   808 | D:4      | Reached skill level 2 in Axes
   808 | D:4      | Reached skill level 2 in Maces & Flails
   808 | D:4      | Reached skill level 2 in Polearms
   808 | D:4      | Reached skill level 2 in Staves
   808 | D:4      | Reached skill level 2 in Slings
   808 | D:4      | Reached skill level 2 in Bows
   808 | D:4      | Reached skill level 2 in Crossbows
   808 | D:4      | Reached skill level 2 in Throwing
   808 | D:4      | Reached skill level 2 in Armour
   808 | D:4      | Reached skill level 5 in Dodging
   808 | D:4      | Reached skill level 2 in Shields
   808 | D:4      | Reached skill level 2 in Unarmed Combat
   808 | D:4      | Reached skill level 2 in Evocations
   826 | D:4      | Noticed Eustachio
   837 | D:4      | Killed Eustachio
   837 | D:4      | Reached XP level 7. HP: 50/50 MP: 12/15
   840 | D:4      | Found a hazy altar of Hepliaklqana.
   923 | D:5      | Entered Level 5 of the Dungeon
   952 | D:5      | Found a hide-covered altar of Uskayaw.
   997 | D:5      | Reached skill level 2 in Conjurations
   997 | D:5      | Reached skill level 2 in Charms
   997 | D:5      | Reached skill level 2 in Summonings
   997 | D:5      | Reached skill level 2 in Necromancy
   997 | D:5      | Reached skill level 2 in Translocations
   997 | D:5      | Reached skill level 2 in Transmutations
   997 | D:5      | Reached skill level 2 in Fire Magic
   997 | D:5      | Reached skill level 2 in Ice Magic
   997 | D:5      | Reached skill level 2 in Air Magic
   997 | D:5      | Reached skill level 2 in Earth Magic
   997 | D:5      | Reached skill level 2 in Poison Magic
  1008 | D:6      | Found Xutaxt's Assorted Antiques.
  1037 | D:6      | Reached skill level 3 in Invocations
  1070 | D:6      | Got a translucent helmet
  1092 | D:6      | Reached XP level 8. HP: 21/57 MP: 10/16
  1096 | D:6      | Bought a yellow potion for 30 gold pieces
  1104 | D:5      | Found a snail-covered altar of Cheibriados.
  1116 | D:5      | Became a worshipper of Cheibriados the Contemplative
  1121 | D:5      | Reached skill level 6 in Hexes
  1137 | D:5      | Identified the +0 helmet of the Nexus {rElec Int-5 Dex+4 Stlth+} (You found it on level 6 of the Dungeon)
  1158 | D:5      | Reached skill level 4 in Short Blades
  1166 | D:5      | Found an iron altar of Okawaru.
  1236 | D:5      | Reached skill level 3 in Fighting
  1236 | D:5      | Reached skill level 3 in Long Blades
  1236 | D:5      | Reached skill level 3 in Axes
  1236 | D:5      | Reached skill level 3 in Maces & Flails
  1236 | D:5      | Reached skill level 3 in Polearms
  1236 | D:5      | Reached skill level 3 in Staves
  1236 | D:5      | Reached skill level 3 in Slings
  1236 | D:5      | Reached skill level 3 in Bows
  1236 | D:5      | Reached skill level 3 in Crossbows
  1236 | D:5      | Reached skill level 3 in Throwing
  1236 | D:5      | Reached skill level 3 in Armour
  1236 | D:5      | Reached skill level 3 in Shields
  1236 | D:5      | Reached skill level 3 in Unarmed Combat
  1236 | D:5      | Reached skill level 3 in Evocations
  1303 | D:6      | Found Kicyokam's Weapon Emporium.
  1353 | D:6      | Reached skill level 6 in Spellcasting
  1387 | D:6      | Found Jogoschucw's Gadget Boutique.
  1400 | D:7      | Noticed nicolaieve's ghost (novice MiBe)
  1426 | D:7      | Reached * piety under Cheibriados
  1432 | D:7      | Reached skill level 7 in Stealth
  1444 | D:7      | Found a staircase to the Ecumenical Temple.
  1510 | D:9      | Reached skill level 4 in Invocations
  1535 | D:9      | Reached skill level 3 in Conjurations
  1535 | D:9      | Reached skill level 3 in Charms
  1535 | D:9      | Reached skill level 3 in Summonings
  1535 | D:9      | Reached skill level 3 in Necromancy
  1535 | D:9      | Reached skill level 3 in Translocations
  1535 | D:9      | Reached skill level 3 in Transmutations
  1535 | D:9      | Reached skill level 3 in Fire Magic
  1535 | D:9      | Reached skill level 3 in Ice Magic
  1535 | D:9      | Reached skill level 3 in Air Magic
  1535 | D:9      | Reached skill level 3 in Earth Magic
  1535 | D:9      | Reached skill level 3 in Poison Magic
  1535 | D:9      | Reached XP level 9. HP: 38/65 MP: 8/18
  1540 | D:9      | Reached skill level 6 in Dodging
  1669 | D:9      | Reached skill level 4 in Fighting
  1669 | D:9      | Reached skill level 4 in Long Blades
  1669 | D:9      | Reached skill level 4 in Axes
  1669 | D:9      | Reached skill level 4 in Maces & Flails
  1669 | D:9      | Reached skill level 4 in Polearms
  1669 | D:9      | Reached skill level 4 in Staves
  1669 | D:9      | Reached skill level 4 in Slings
  1669 | D:9      | Reached skill level 4 in Bows
  1669 | D:9      | Reached skill level 4 in Crossbows
  1669 | D:9      | Reached skill level 4 in Throwing
  1669 | D:9      | Reached skill level 4 in Armour
  1669 | D:9      | Reached skill level 4 in Shields
  1669 | D:9      | Reached skill level 4 in Unarmed Combat
  1669 | D:9      | Reached skill level 4 in Evocations
  1679 | D:10     | Entered Level 10 of the Dungeon
  1717 | D:9      | Noticed Monsterracer's ghost (novice DsAs)
  1883 | D:10     | Noticed a hornet
  1888 | D:10     | Paralysed by a hornet for 2 turns
  1893 | D:10     | Killed a hornet
  1893 | D:10     | Reached skill level 5 in Short Blades
  1896 | D:10     | Found a staircase to the Orcish Mines.
  1907 | Orc:1    | Entered Level 1 of the Orcish Mines
  1907 | Orc:1    | Noticed a troll
  1907 | Orc:1    | Noticed a troll
  1909 | Orc:1    | Noticed an orc warlord
  1913 | D:10     | Killed a troll
  1941 | D:10     | Killed a troll
  1941 | D:10     | Reached skill level 5 in Invocations
  1949 | D:10     | Reached ** piety under Cheibriados
  1963 | D:10     | Reached skill level 7 in Spellcasting
  1963 | D:10     | Reached XP level 10. HP: 18/73 MP: 1/20
  1990 | D:10     | Reached skill level 4 in Conjurations
  1990 | D:10     | Reached skill level 4 in Charms
  1990 | D:10     | Reached skill level 4 in Summonings
  1990 | D:10     | Reached skill level 4 in Necromancy
  1990 | D:10     | Reached skill level 4 in Translocations
  1990 | D:10     | Reached skill level 4 in Transmutations
  1990 | D:10     | Reached skill level 4 in Fire Magic
  1990 | D:10     | Reached skill level 4 in Ice Magic
  1990 | D:10     | Reached skill level 4 in Air Magic
  1990 | D:10     | Reached skill level 4 in Earth Magic
  1990 | D:10     | Reached skill level 4 in Poison Magic
  2007 | D:10     | Found Niloipp's Magic Scroll Shoppe.
  2019 | D:10     | Bought a scroll of identify for 24 gold pieces
  2019 | D:10     | Bought a scroll of identify for 24 gold pieces
  2019 | D:10     | Bought a scroll of identify for 24 gold pieces
  2022 | D:10     | Gained mutation: Your muscles are strong. (Str +2) [potion of mutation]
  2022 | D:10     | Gained mutation: You are resistant to hostile enchantments. (MR+) [potion of mutation]
  2055 | D:10     | Found a staircase to the Lair.
  2057 | D:10     | Noticed Sonja
  2099 | D:10     | Killed Sonja
  2099 | D:10     | Reached skill level 5 in Fighting
  2099 | D:10     | Reached skill level 5 in Long Blades
  2099 | D:10     | Reached skill level 5 in Axes
  2099 | D:10     | Reached skill level 5 in Maces & Flails
  2099 | D:10     | Reached skill level 5 in Polearms
  2099 | D:10     | Reached skill level 5 in Staves
  2099 | D:10     | Reached skill level 5 in Slings
  2099 | D:10     | Reached skill level 5 in Bows
  2099 | D:10     | Reached skill level 5 in Crossbows
  2099 | D:10     | Reached skill level 5 in Throwing
  2099 | D:10     | Reached skill level 5 in Armour
  2099 | D:10     | Reached skill level 8 in Stealth
  2099 | D:10     | Reached skill level 5 in Shields
  2099 | D:10     | Reached skill level 5 in Unarmed Combat
  2099 | D:10     | Reached skill level 7 in Hexes
  2099 | D:10     | Reached skill level 5 in Evocations
  2120 | Orc:1    | Killed an orc warlord
  2120 | Orc:1    | Reached skill level 6 in Short Blades
  2120 | Orc:1    | Reached skill level 7 in Dodging
  2120 | Orc:1    | Reached skill level 6 in Invocations
  2141 | Orc:1    | Noticed an ettin
  2152 | Orc:1    | Killed an ettin
  2152 | Orc:1    | Reached XP level 11. HP: 79/81 MP: 10/22
  2194 | Orc:2    | Entered Level 2 of the Orcish Mines
  2302 | Orc:2    | Found a staircase to the Elven Halls.
  2312 | Orc:2    | Noticed an orc knight
  2315 | Orc:2    | Noticed an orc knight
  2317 | Orc:2    | Reached *** piety under Cheibriados
  2318 | Orc:2    | HP: 12/121 [orc warrior/great mace (23)]
  2318 | Orc:2    | Mangled by an orc warrior

Skill      XL: |  1  2  3  4  5  6  7  8  9 10 |
---------------+-------------------------------+-----
Spellcasting   | 5 6 7 |  7.8
Stealth        | 6 7 8 |  8.5
Fighting       | 1 2 3 4 5 |  5.9
Long Blades    | 1 2 3 4 5 |  5.9
Axes           | 1 2 3 4 5 |  5.9
Maces & Flails | 1 2 3 4 5 |  5.9
Polearms       | 1 2 3 4 5 |  5.9
Staves         | 1 2 3 4 5 |  5.9
Slings         | 1 2 3 4 5 |  5.9
Bows           | 1 2 3 4 5 |  5.9
Crossbows      | 1 2 3 4 5 |  5.9
Throwing       | 1 2 3 4 5 |  5.9
Armour         | 1 2 3 4 5 |  5.9
Shields        | 1 2 3 4 5 |  5.9
Unarmed Combat | 1 2 3 4 5 |  5.9
Conjurations   | 1 2 3 4 |  4.9
Charms         | 1 2 3 4 |  4.9
Summonings     | 1 2 3 4 |  4.9
Necromancy     | 1 2 3 4 |  4.9
Translocations | 1 2 3 4 |  4.9
Transmutations | 1 2 3 4 |  4.9
Fire Magic     | 1 2 3 4 |  4.9
Ice Magic      | 1 2 3 4 |  4.9
Air Magic      | 1 2 3 4 |  4.9
Earth Magic    | 1 2 3 4 |  4.9
Poison Magic   | 1 2 3 4 |  4.9
Invocations    | 1 2 3 4 5 6 |  6.5
Evocations     | 1 2 3 4 5 |  5.9
Short Blades   | 3 4 5 6 |  6.5
Dodging        | 5 6 7 |  7.5
Hexes          | 6 7 |  7.4

Action                   |  1- 3 |  4- 6 |  7- 9 | 10-12 || total
-------------------------+-------+-------+-------+-------++-------
Melee: Dagger            |    55 |    47 |    41 |    23 ||   166
       Bite              |     3 |     7 |    10 |     2 ||    22
       Punch             |       |     1 |     1 |       ||     2
       Short sword       |       |       |    73 |       ||    73
       Morningstar       |       |       |     9 |       ||     9
       Broad axe         |       |       |       |    15 ||    15
Throw: Tomahawk          |       |       |     4 |       ||     4
 Cast: Corona            |    12 |     1 |       |       ||    13
       Ensorcelled Hiber |    14 |     3 |    63 |    12 ||    92
       Confuse           |       |     4 |    11 |       ||    15
       Dazzling Spray    |       |       |     2 |     3 ||     5
       Animate Skeleton  |       |       |     1 |       ||     1
       Apportation       |       |       |       |    15 ||    15
Invok: Bend Time         |       |       |     1 |     1 ||     2
Evoke: Wand              |       |     3 |    13 |    15 ||    31
  Use: Scroll            |       |       |    15 |     7 ||    22
       Potion            |       |       |     2 |     7 ||     9
 Stab: Sleeping          |    11 |     4 |    32 |    13 ||    60
       Confused          |       |     3 |     6 |       ||     9
       Paralysed         |       |       |     2 |     5 ||     7
       Invisible         |       |       |     1 |     1 ||     2
  Eat: Chunk             |       |       |     4 |       ||     4
Armor: Robe              |    33 |     9 |    66 |       ||   108
       Troll leather arm |       |       |     5 |    28 ||    33
       Skin              |       |       |       |     3 ||     3
Dodge: Dodged            |    67 |    16 |   165 |   115 ||   363

Table legend:
 A = Turns spent in this place as a percentage of turns spent in the entire game.
 B = Non-inter-level travel turns spent in this place as a percentage of non-inter-level travel turns spent in the entire game.
 C = Inter-level travel turns spent in this place as a percentage of turns spent in this place.
 D = Turns resting spent in this place as a percentage of non-inter-level travel turns spent in this place.
 E = Turns spent auto-exploring this place as a percentage of non-inter-level travel turns spent in this place.
 F = Non-inter-level travel turns spent in this place divided by the number of levels of this place that you've seen.
                   A       B       C       D       E      F
               +-------+-------+-------+-------+-------+----------------------
         Total | 100.0 | 100.0 |   0.0 |   0.0 |   0.0 | 165.6
       Dungeon |  86.5 |  86.5 |   0.0 |   0.0 |   0.0 | 182.3
  Orcish Mines |   9.1 |   9.1 |   0.0 |   0.0 |   0.0 | 105.0
       Ossuary |   4.4 |   4.4 |   0.0 |   0.0 |   0.0 | 103.0
               +-------+-------+-------+-------+-------+----------------------

Table legend:
 A = Kills in this place as a percentage of kills in entire the game.
 B = Kills by you in this place as a percentage of kills by you in the entire game.
 C = Kills by friends in this place as a percentage of kills by friends in the entire game.
 D = Other kills in this place as a percentage of other kills in the entire game.
 E = Experience gained in this place as a percentage of experience gained in the entire game.
 F = Experience gained in this place divided by the number of levels of this place that you have seen.
                   A       B       C       D       E      F
               +-------+-------+-------+-------+-------+----------------------
         Total | 100.0 | 100.0 |   N/A |   N/A | 100.0 | 751.6
       Dungeon |  76.7 |  76.7 |   N/A |   N/A |  58.2 | 556.8
  Orcish Mines |  19.4 |  19.4 |   N/A |   N/A |  40.2 | 2115.0
       Ossuary |   3.9 |   3.9 |   N/A |   N/A |   1.6 | 168.0
               +-------+-------+-------+-------+-------+----------------------

Vault maps used:
D:1:      matt_arrival_grand_opening, corexii_corridor_pit,
          minmay_misc_feat_enclosed, minmay_misc_feat_five
D:2:      nicolae_ru_great_annihilating_truth, gammafunk_temple_overflow_statue,
          chequers_ecumenical_altar_island, uniq_robin
D:3:      marbit_many_paths, grunt_ministairs_2, small_statue_intersection,
          minmay_misc_feat_columns
D:4:      lemuel_doored_altar, kennysheep_mini_moat, overflow_temple_1_default,
          first_ration, enter_ossuary_5, uniq_eustachio, uniq_blork_the_orc
D:5:      corexii_shantytown, lemuel_round_altar, zin_academy,
          okawaru_ov_weapons_minmay, lemuel_crystal_altar
D:6:      serial_shops, shop, shop, kennysheep_mini, nicolae_shop_waterfront,
          shop
D:7:      grunt_temple_overflow_diamond, minmay_temple_entry_statues_fountains,
          uniq_duvessa
D:8:      led_sif_pool, uniq_psyche, uniq_erica, uniq_maurice
D:9:      serial_shops, nicolae_shop_crystal, the_bakery
D:10:     erik_lair_orcish_takeover, orc_0_dummy, serial_shops,
          nicolae_shop_temple_entry_statues_fountains, wad_floor_pattern_1,
          hangedman_tell_no_tales, uniq_sonja
D:11:     serial_bayou_lagoon_a, uniq_nergalle
Orc:1:    minmay_orc_barracks, uniq_josephine, uniq_urug
Orc:2:    st_orc_rangers
Ossuary:  ossuary_minmay_four_chambers
